 Dungeon Crawl Stone Soup version 0.27.1-1-g398f81649c (webtiles) character file.

Game seed: 8351581677806099856

539 funkygono the Firebug (level 7, -3/38 HPs)
             Began as a Gargoyle Fire Elementalist on Sept 19, 2021.
             Slain by a yak (12 damage)
             ... in the Ecumenical Temple.
             The game lasted 00:08:43 (3856 turns).

funkygono the Firebug (Gargoyle Fire Elementalist)  Turns: 3856, Time: 00:08:43

Health: -3/38      AC: 10    Str: 11    XL:     7   Next: 26%
Magic:  12/13      EV: 12    Int: 18    God:
Gold:   78         SH:  0    Dex: 10    Spells: 1/14 levels left

rFire    . . .     SeeInvis .   q - +1 whip
rCold    . . .     Faith    .   (no shield)
rNeg     + . .     Spirit   .   a - +0 robe
rPois    ∞         Reflect  .   (no helmet)
rElec    +         Harm     .   f - +1 cloak
rCorr    +         Rampage  .   i - +0 pair of gloves
Will     .....                  g - +0 pair of boots
Stlth    ++........             (no amulet)
HPRegen  0.12/turn              e - ring of resist corrosion
MPRegen  0.13/turn              (no ring)

@: no status effects
A: sickness immunity, AC +4, negative energy resistance 1, electricity
resistance, torment resistance 1, petrification resistance
a: no special abilities


You were in the Ecumenical Temple.
You visited 2 branches of the dungeon, and saw 6 of its levels.

You collected 78 gold pieces.

Inventory:

Hand Weapons
 q - a +1 whip (weapon)
 r - a +0 flail
Missiles
 n - a throwing net
 o - 44 stones
Armour
 a - a +0 robe (worn)
 f - a +1 cloak (worn)
 g - a +0 pair of boots (worn)
 i - a +0 pair of gloves (worn)
Magical Staves
 j - a staff of cold
Jewellery
 e - a ring of resist corrosion (left hand)
Wands
 b - a wand of paralysis (10)
Scrolls
 c - a scroll of amnesia
 k - a scroll of teleportation {unknown}
Potions
 h - a potion of attraction
 l - 2 potions of lignification
 m - a potion of might {unknown}


   Skills:
 + Level 1.1 Fighting
 + Level 1.4 Maces & Flails
 + Level 2.0 Dodging
 - Level 2.1 Stealth
 * Level 4.2 Spellcasting
 * Level 4.1 Conjurations
 * Level 5.0 Fire Magic


You had one spell level left.
You knew the following spells:

 Your Spells              Type           Power      Damage    Failure   Level
a - Foxfire               Conj/Fire      80%        2x1d8     2%          1
b - Conjure Flame         Conj/Fire      20%        6-21      7%          3
c - Sticky Flame          Conj/Fire      20%        2d4       22%         4
d - Fireball              Conj/Fire      10%        3d6       52%         5

Your spell library contained the following spells:

 Spells                   Type           Power      Damage    Failure   Level
 Beastly Appendage        Tmut           6%         N/A       14%         1
 Inner Flame              Hex/Fire       12%        N/A       16%         3
 Call Canine Familiar     Summ           3%         N/A       41%         3
 Gell's Gravitas          Tloc           1%         N/A       41%         3
 Portal Projectile        Hex/Tloc       6%         N/A       41%         3
 Teleport Other           Tloc           3%         N/A       41%         3
 Leda's Liquefaction      Hex/Erth       1%         N/A       82%         4
 Dispersal                Tloc           1%         N/A       100%        6


Dungeon Overview and Level Annotations

Branches:
Dungeon (6/15)             Temple (1/1) D:6

Altars:
Kikubaaqudgha


Innate Abilities, Weirdness & Mutations

You are immune to sickness and miasma.
Your stone body is resilient. (AC +4)
You are immune to poison.
You resist negative energy. (rN+)
You are resistant to electric shocks. (rElec)
You are resistant to unholy torment.
You are immune to petrification.


Message History

You hit the yak but do no damage.
The yak is heavily wounded.
The yak gores you.
You hit the yak.
The yak is heavily wounded.
The yak gores you.
You closely miss the yak.
The yak is heavily wounded.
The yak gores you. The yak gores you.
* * * LOW HITPOINT WARNING * * *
You feel better.
Unknown command.
Casting: Foxfire (safe; 2% risk of failure)
Confirm with . or Enter, or press ? or * to list all spells.
The fire begins to smoulder!
The yak smothers the flame.
The yak gores you.
The yak bellows!
The yak closely misses you.
Casting: Conjure Flame (dangerous; 7% risk of failure)
Confirm with . or Enter, or press ? or * to list all spells.
You conjure some foxfire!
The foxfire hits the yak.
The yak is lightly wounded.
The foxfire hits the yak.
The yak is moderately wounded.
You open the door. The yak gores you!
* * * LOW HITPOINT WARNING * * *
There is an open door here.
Found a staircase to the Ecumenical Temple.
There is a staircase to the Ecumenical Temple here.
The yak gores you.
* * * LOW HITPOINT WARNING * * *
You climb downwards.
Welcome to the Ecumenical Temple!
There is a staircase back to the Dungeon here.
Casting: Foxfire (safe; 2% risk of failure)
Confirm with . or Enter, or press ? or * to list all spells.
You conjure some foxfire!
The yak gores you!
You die...

≈≈≈≈≈≈...≈≈≈≈≈≈
≈≈≈≈≈≈...≈≈≈≈≈≈
≈≈≈≈≈≈...≈≈≈≈≈≈
≈≈≈≈≈≈...≈≈≈≈≈≈
≈≈≈≈≈.....≈≈≈≈≈
...............
......Yv.......
.⌠.....@.....⌠.
.......v.......
...............
≈≈≈≈≈≈≈≈≈≈≈≈≈≈≈
≈≈≈≈≈≈≈≈≈≈≈≈≈≈≈
≈≈≈≈≈≈≈≈≈≈≈≈≈≈≈
≈≈≈≈≈≈≈≈≈≈≈≈≈≈≈
≈≈≈≈≈≈≈≈≈≈≈≈≈≈≈


You could see a yak (ally target).

Vanquished Creatures
  A necrophage (D:6)
  An ogre (D:6)
  A centaur (D:6)
  2 vampire bats (D:3)
  An iguana (D:6)
  An orc wizard (D:3)
  4 adders
  3 gnolls (D:3)
  2 worms (D:3)
  4 dart slugs
  6 orcs
  7 ball pythons
  3 bats
  4 bat skeletons (D:3)
  2 bat zombies (D:3)
  5 endoplasms
  4 giant cockroaches
  2 goblins
  9 hobgoblins
  3 quokkas
  5 frilled lizards
  A kobold (D:2)
  2 rats
73 creatures vanquished.

Vanquished Creatures (collateral kills)
  3 foxfires (D:1)
3 creatures vanquished.

Vanquished Creatures (others)
  274 foxfires
  2 plants (D:1)
276 creatures vanquished.

Grand Total: 352 creatures vanquished

Notes
Turn   | Place    | Note
-------+----------+-------------------------------------------
     0 | D:1      | funkygono the Gargoyle Fire Elementalist began the quest
                  | for the Orb.
     0 | D:1      | Reached XP level 1. HP: 10/10 MP: 3/3
    79 | D:1      | You fall into a shaft and drop 1 floor!
   315 | D:1      | Reached XP level 2. HP: 15/15 MP: 1/5
   655 | D:1      | Found a faded altar of an unknown god.
   663 | D:1      | Got Plato's Almanac of Transmutation
  1042 | D:2      | Reached XP level 3. HP: 19/19 MP: 0/6
  1048 | D:2      | Learned a level 3 spell: Conjure Flame
  1656 | D:2      | Reached XP level 4. HP: 24/24 MP: 3/8
  1749 | D:2      | Learned a level 4 spell: Sticky Flame
  1888 | D:3      | Reached skill level 4 in Fire Magic
  2253 | D:3      | Reached XP level 5. HP: 28/28 MP: 6/9
  2404 | D:3      | Found an ancient bone altar of Kikubaaqudgha.
  2531 | D:3      | Reached XP level 6. HP: 26/33 MP: 1/11
  2807 | D:3      | Reached skill level 1 in Fighting
  3299 | D:4      | You fall into a shaft and drop 2 floors!
  3299 | D:6      | Noticed a necrophage
  3370 | D:6      | Killed a necrophage
  3371 | D:6      | Reached skill level 1 in Maces & Flails
  3479 | D:6      | Reached XP level 7. HP: 22/38 MP: 5/13
  3485 | D:6      | Learned a level 5 spell: Fireball
  3619 | D:6      | Reached skill level 5 in Fire Magic
  3715 | D:6      | Noticed a yak
  3739 | D:6      | Noticed a yak
  3739 | D:6      | Noticed a yak
  3739 | D:6      | Noticed a yak
  3741 | D:6      | Noticed a yak
  3742 | D:6      | Noticed a yak
  3846 | D:6      | Found a staircase to the Ecumenical Temple.
  3855 | Temple   | Entered the Ecumenical Temple
  3856 | Temple   | Slain by a yak

Illustrated notes

Levels and vault maps discovered:
D:1:      lemuel_arrival_funnel, layout_basic, serial_forest,
          infiniplex_forest_clump_medium, infiniplex_forest_clump_long,
          infiniplex_forest_zigzag_2, infiniplex_forest_lined_room_2,
          infiniplex_forest_clump_diagonal, infiniplex_forest_3_way,
          infiniplex_forest_straight_2, shapermc_ecumenical_altar_rom_forum
D:2:      layout_basic
D:3:      layout_loops_ring, kennysheep_vampire_church, patterned_corridor
D:4:      layout_rooms, mainiacjoe_overflow_alcove_1, serial_rivers,
          chequers_serial_rivers_marsh, chequers_serial_rivers_large_a,
          chequers_serial_rivers_small_b, chequers_serial_rivers_large_b,
          uniq_pikel
D:6:      layout_loops_corners, lemuel_temple_firewalk_b,
          hangedman_decor_opposing
Temple:   minmay_temple_bridge_abc

Skill      XL: |  1  2  3  4  5  6  7 |
---------------+----------------------+-----
Conjurations   | 2 3 4 |  4.1
Fire Magic     | 4 5 |  5.0
Spellcasting   | 3 4 |  4.2
Fighting       | 1 |  1.1
Maces & Flails | 1 |  1.4
Dodging        | 2 |  2.0
Stealth        | |  2.1

Action                   |  1- 3 |  4- 6 |  7- 9 || total
-------------------------+-------+-------+-------++-------
Melee: Unarmed           |     5 |       |       ||     5
       Club              |       |    13 |       ||    13
       Whip              |       |    47 |     5 ||    52
 Cast: Foxfire           |    62 |    93 |    12 ||   167
       Sticky Flame      |       |     1 |       ||     1
       Conjure Flame     |       |       |     1 ||     1
  Use: Scroll            |       |     8 |       ||     8
       Potion            |       |       |     1 ||     1
 Stab: Sleeping          |       |     1 |       ||     1
Armor: Robe              |     1 |    41 |       ||    42
Dodge: Dodged            |     6 |    56 |     4 ||    66
